 Dungeon Crawl Stone Soup version 0.27.1-2-g3b301248ec (webtiles) character file.

Game seed: 5497069805735820769

117 Jahmms the Ducker (level 4, -12/44 HPs)
             Began as a Troll Fighter on Oct 1, 2021.
             Mangled by an ogre (28 damage)
             ... on level 4 of the Dungeon.
             The game lasted 00:14:05 (2064 turns).

Jahmms the Ducker (Troll Fighter)                   Turns: 2064, Time: 00:14:05

Health: -12/44     AC:  4    Str: 25    XL:     4   Next: 71%
Magic:  3/3        EV:  8    Int:  4    God:
Gold:   113        SH:  9    Dex:  9    Spells: 3/3 levels left

rFire    . . .     SeeInvis .   a - +0 flail
rCold    + . .     Faith    .   c - +0 kite shield
rNeg     . . .     Spirit   .   b - +0 robe
rPois    .         Reflect  .   (helmet restricted)
rElec    .         Harm     .   (no cloak)
rCorr    .         Rampage  .   (gloves unavailable)
Will     .....                  (boots unavailable)
Stlth    +.........             (no amulet)
HPRegen  1.14/turn              k - ring of protection from cold
MPRegen  0.08/turn              (no ring)

@: no status effects
A: large, unfitting armour, claws 3, regeneration 1, shaggy fur 1, tough skin 1
a: no special abilities


You were on level 4 of the Dungeon.
You visited 1 branch of the dungeon, and saw 3 of its levels.

You collected 113 gold pieces.

Inventory:

Hand Weapons
 a - a +0 flail (weapon)
Missiles
 j - 51 bolts
Armour
 b - a +0 robe (worn)
 c - a +0 kite shield (worn)
 e - a +0 scale mail
Jewellery
 k - a ring of protection from cold (left claw)
Scrolls
 f - a scroll of blinking {unknown}
 l - 6 scrolls of identify {unknown}
Potions
 d - a potion of might
 g - 2 potions of heal wounds {unknown}
 h - a potion of curing {unknown}
 i - a potion of resistance {unknown}


   Skills:
 + Level 2.8 Fighting
 + Level 2.9 Maces & Flails
 + Level 3.1 Dodging
 + Level 3.0 Shields


You had 3 spell levels left.
You didn't know any spells.
Your spell library was empty.

Dungeon Overview and Level Annotations

Branches:
Dungeon (2/15)

Altars:

Shops:
D:1 (


Innate Abilities, Weirdness & Mutations

You are too large for most types of armour.
You have claws for hands.
Your natural rate of healing is unusually fast.
You are covered in fur. (AC +1)
You have tough skin. (AC +1)


Message History

You see here 26 bolts.
The kobold hits you with a +0 short sword.
You closely miss the kobold.
The kobold hits you with a +0 short sword.
You hit the kobold.
You kill the kobold!
Things that are here:
a +0 short sword; 5 stones
Things that are here:
a +0 short sword; 5 stones You now have 102 gold pieces (gained 12).
j - 51 bolts (gained 26)
There are no items here.
l - 6 scrolls labelled ISADIL TOETRY (gained 1)
Found a stone staircase leading up.
Found a hunting sling.
Found a scimitar.
You see here a +0 scimitar.
You now have 113 gold pieces (gained 11).
An ogre comes into view. It is wielding a +0 giant club.
The ogre shouts!
There is a stone staircase leading up here.
The ogre closely misses you.
You hit the ogre but do no damage.
The ogre hits you with a +0 giant club!!
Ouch! That really hurt!
* * * LOW HITPOINT WARNING * * *
The ogre closely misses you.
You barely miss the ogre. The ogre closely misses you.
You hit the ogre.
The ogre is moderately wounded.
The ogre closely misses you.
You hit the ogre.
The ogre is moderately wounded.
You block the ogre's attack.
You sock the ogre!
The ogre is heavily wounded.
The ogre hits you with a +0 giant club!!
Ouch! That really hurt!
You die...

## #.# ## ##.# #.####.# ....
#.##.# .... #....# #)..
#...## #..# ##....# ##..#
##.....#####O.#
#####..###..##..@# #..
.......####..<..## #... ...
#.#.#.#.# #....## #...# ....
........####...# #...# #...#
.#.#.#.#.##....####...#
#....#
.........##.....#....#
#....#
#.#.#.#.#...........###....#
............##......##...#
.#.#.#.#.#..###.........#
###


You could see an ogre.

Vanquished Creatures
  A scorpion (D:4)
  A hound (D:4)
  7 endoplasms
  3 giant cockroaches
  A goblin (D:1)
  2 hobgoblins
  3 kobolds
  A quokka (D:2)
  A ball python (D:1)
  A frilled lizard (D:1)
  3 rats
24 creatures vanquished.

Notes
Turn   | Place    | Note
-------+----------+-------------------------------------------
     0 | D:1      | Jahmms the Troll Fighter began the quest for the Orb.
     0 | D:1      | Reached XP level 1. HP: 22/22 MP: 0/0
   248 | D:1      | Found Waqaet's Weapon Emporium.
   544 | D:1      | Reached XP level 2. HP: 29/29 MP: 1/1
  1214 | D:2      | You fall into a shaft and drop 2 floors!
  1326 | D:4      | Reached XP level 3. HP: 35/36 MP: 2/2
  1487 | D:4      | Noticed a scorpion
  1508 | D:4      | Killed a scorpion
  1509 | D:4      | Reached XP level 4. HP: 24/44 MP: 3/3
  2053 | D:4      | Noticed an ogre
  2064 | D:4      | Mangled by an ogre

Illustrated notes

Levels and vault maps discovered:
D:1:      sevenhm_arrival_forest_fort_small_4, layout_basic, serial_shops,
          nicolae_shop_stone, hangedman_decor_clover_reticule
D:2:      layout_loops_ring, minmay_unequal, uniq_jessica, uniq_terence
D:4:      layout_layer_cave, hex_large

Skill      XL: |  1  2  3 |
---------------+----------+-----
Maces & Flails | 2 |  2.9
Dodging        | 3 |  3.1
Shields        | 3 |  3.0
Fighting       | |  2.8

Action                   |  1- 3 |  4- 6 || total
-------------------------+-------+-------++-------
Melee: Flail             |    74 |    11 ||    85
Armor: Robe              |    27 |     4 ||    31
Dodge: Dodged            |    24 |     6 ||    30
Block: Kite shield       |    45 |     3 ||    48
